 Dungeon Crawl Stone Soup version 0.24.0-13-gcf9b3192b9 (webtiles) character file.

Game seed: 11798789589564768529, levelgen mode: deterministic

44 Descartes the Sneak (level 3, -1/18 HPs)
             Began as a Vine Stalker Wanderer on Nov 7, 2019.
             Slain by a worm (4 damage)
             ... on level 2 of the Dungeon.
             The game lasted 00:02:56 (1116 turns).

Descartes the Sneak (Vine Stalker Wanderer)         Turns: 1116, Time: 00:02:57

Health: -1/18      AC:  4    Str: 14    XL:     3   Next: 60%
Magic:  0/7        EV: 11    Int: 16    God:
Gold:   46         SH:  0    Dex: 10    Spells: 2/6 levels left

rFire    . . .     SeeInvis .   k - +2 dagger (pain)
rCold    . . .     Gourm    .   (no shield)
rNeg     . . .     Faith    .   g - +0 troll leather armour
rPois    .         Spirit   +   (no helmet)
rElec    .         Reflect  .   (no cloak)
rCorr    .         Harm     .   (no gloves)
MR       .....                  (no boots)
Stlth    ++........             (no amulet)
HPRegen  0.46/turn              (no ring)
MPRegen  0.10/turn              (no ring)

@: lethally poisoned (-1 -> -2)
A: fangs 2, magic shield, antimagic bite, no potion heal 3, rot immunity
a: no special abilities


You were on level 2 of the Dungeon.
You were not hungry.

You visited 1 branch of the dungeon, and saw 2 of its levels.

You collected 46 gold pieces.

Inventory:

Hand Weapons
 a - a +2 dagger
 k - a +2 dagger of pain (weapon)
Missiles
 h - 39 stones (quivered)
Armour
 g - a +0 troll leather armour (worn)
Scrolls
 b - 2 scrolls of fear
 d - 2 scrolls of identify {unknown}
 e - a scroll of remove curse {unknown}
 i - 3 scrolls of amnesia {unknown}
 m - a scroll of enchant weapon {unknown}
Potions
 c - 2 potions of agility {unknown}
 j - 2 potions of resistance {unknown}
Comestibles
 f - a ration
 l - 7 chunks of flesh


   Skills:
 + Level 2.1 Fighting
 + Level 1.2 Armour
 + Level 0.7 Dodging
 + Level 2.8 Stealth
 * Level 1.5 Unarmed Combat
 + Level 2.4 Spellcasting
   Level 2.0 Necromancy
 + Level 1.1 Transmutations


You had 2 spell levels left.
You knew the following spells:

 Your Spells              Type           Power        Failure   Level  Hunger
a - Sticks to Snakes      Tmut           #.......     22%         2    ###....
b - Passwall              Tmut/Erth      #.......     28%         2    ###....

Your spell library contained the following spells:

 Spells                   Type           Power        Failure   Level  Hunger


Dungeon Overview and Level Annotations

Branches:
Dungeon (2/15)

Altars:


Innate Abilities, Weirdness & Mutations

You have extremely sharp teeth.
When hurt, damage is shared between your health and your magic reserves.
Your bite disrupts and absorbs the magic of your enemies.
Potions cannot restore your health.
You are immune to rotting.


Message History

The worm is severely wounded.
The adder bites you.
You closely miss the adder. You bite the adder. You drain its power.
You feel invigorated.
The adder is moderately wounded.
The adder bites you but does no damage. The worm bites you!
You hit the adder.
The adder is heavily wounded.
The adder bites you.
You are poisoned.
The adder poisons you! The worm bites you. The adder bites you.
* * * LOW HITPOINT WARNING * * *
You closely miss the adder. You bite the adder. You drain its power.
You feel invigorated.
The adder is almost dead.
You feel sick. The adder bites you.
You hit the worm but do no damage.
The worm is heavily wounded.
The adder misses you. The worm bites you!
You die...

#............##....
#..#####........### #
#.....)........K...
#.#.....)#....^#####.
#....##.)####..†.§#
##...##..# ##.##.#
#...##..# #.#<.#
#....(..#####.####
##....@)...##..
#...Sw....##.#
#.........####
##........#
#....##### ......
.....(. ........


You could see a worm and an adder.

Vanquished Creatures
  Robin (D:2)
  A ball python (D:1)
  A giant cockroach (D:1)
  10 goblins
  4 hobgoblins
  2 jackals (D:1)
  3 kobolds
  2 bats
  2 frilled lizards (D:1)
  5 rats (D:1)
31 creatures vanquished.

Notes
Turn   | Place    | Note
-------+----------+-------------------------------------------
     0 | D:1      | Descartes the Vine Stalker Wanderer began the quest for the
                  | Orb.
     0 | D:1      | Descartes set off with the following items: a +2 dagger, a
                  | scroll of fear, a +0 ring mail, a ration; and the following
                  | spells available to memorise: Sticks to Snakes, Passwall
     0 | D:1      | Reached XP level 1. HP: 11/11 MP: 4/4
   225 | D:1      | Reached XP level 2. HP: 15/15 MP: 6/6
   540 | D:1      | Reached skill level 1 in Unarmed Combat
   818 | D:2      | Learned a level 2 spell: Sticks to Snakes
   821 | D:2      | Learned a level 2 spell: Passwall
   949 | D:2      | Reached XP level 3. HP: 17/18 MP: 7/7
   953 | D:2      | Noticed Robin
  1017 | D:2      | Killed Robin
  1116 | D:2      | Slain by a worm

Levels and vault maps discovered:
D:1:      minmay_arrival_diagonal_passages, layout_loops_corners
D:2:      layout_basic, nicolae_gozag_seed_capital, glass_columns_a, uniq_robin

Skill      XL: |  1  2 |
---------------+-------+-----
Unarmed Combat | 1 |  1.5
Fighting       | 2 |  2.1
Armour         | |  1.2
Dodging        | |  0.7
Stealth        | |  2.8
Spellcasting   | |  2.4
Necromancy     | |  2.0
Transmutations | |  1.1

Action                   || total
-------------------------++-------
Melee: Dagger            ||   109
       Bite              ||    18
  Eat: Chunk             ||     1
Armor: Ring mail         ||     6
       Troll leather arm ||    24
Dodge: Dodged            ||    76
